 Dungeon Crawl Stone Soup version 0.30.1-11-g7821555f0a (webtiles) character file.

Game seed: 17827941034193808221

185 dethox the Trooper (level 5, -9/57 HPs)
             Began as an Ogre Berserker on Nov 28, 2023.
             Was a Believer of Trog (penitent).
             Killed by nerve-wracking pain
             ... invoked by an orc priest
              (13 damage)
             ... on level 4 of the Dungeon.
             The game lasted 00:22:50 (1749 turns).

dethox the Trooper (Ogre Berserker)                 Turns: 1749, Time: 00:22:59

Health: -9/57      AC:  3    Str: 23    XL:     5   Next: 64%
Magic:  5/5        EV: 10    Int:  8    God:    Trog [**....]
Gold:   137        SH:  0    Dex:  8    Spells: 1/4 levels left

rFire   . . .        a - +0 hand axe (spect)
rCold   . . .        (no shield)
rNeg    . . .        b - +0 animal skin
rPois   .            (helmet restricted)
rElec   .            (no cloak)
rCorr   +            (gloves unavailable)
SInv    +            (boots unavailable)
Will    .....        (no amulet)
Stlth   +            g - ring of see invisible
HPRegen 0.29/turn    z - ring of resist corrosion
MPRegen 0.09/turn

%: no passive effects
@: flying
A: large, unfitting armour, tough skin 1
a: Renounce Religion


You were on level 4 of the Dungeon.
You worshipped Trog.
Trog was demanding penance.
You visited 1 branch of the dungeon, and saw 4 of its levels.

You collected 137 gold pieces.

Inventory:

Hand Weapons
 a - a +0 spectral hand axe (weapon)
 f - a +0 dagger
 h - a +0 whip
 i - a +0 club
 m - a +0 sling
 p - a +0 morningstar
 q - a +0 club
 v - a +2 dagger of protection
 E - a +0 dagger
 G - a +0 whip
 L - a +0 giant club
 M - a +0 whip
 N - a +0 whip
 O - a +0 dagger
Missiles
 j - 17 stones (quivered)
Armour
 b - a +0 animal skin (worn)
 e - a +0 pair of gloves
 l - a +6 plate armour of ponderousness
 r - a +0 leather armour
 u - a +0 ring mail
 y - a +0 ring mail
 A - a +0 robe
 B - a +0 scale mail
 C - a +0 ring mail
 D - a +0 leather armour
 F - a +0 robe
 H - a +0 leather armour
Jewellery
 g - a ring of see invisible (left hand)
 z - a ring of resist corrosion (right hand)
 K - the amulet of Elemental Vulnerability {rPois rF-- rC-- AC+8}
   (You found it on level 3 of the Dungeon)

   [amulet of nothing]

   AC:        It affects your AC (+8).
   rF:        It makes you very vulnerable to fire.
   rC:        It makes you very vulnerable to cold.
   rPois:     It protects you from poison.
Scrolls
 c - 3 scrolls of fear {unknown}
 o - 3 scrolls of immolation {unknown}
 s - a scroll of teleportation {unknown}
 t - a scroll of identify {unknown}
 I - a scroll of blinking {unknown}
Potions
 d - a potion of lignification {unknown}
 n - a potion of invisibility {unknown}
 w - a potion of cancellation {unknown}


   Skills:
 + Level 5.3 Fighting
 + Level 4.7 Axes
 - Level 0.1 Throwing
 + Level 3.5 Dodging
 - Level 0.7 Stealth


You had one spell level left.
You knew the following spells:

 Your Spells              Type           Power      Damage    Failure   Level
a - Vhi's Electric Charg  Tloc/Air       0%         N/A       78%         3

Your spell library contained the following spells:

 Spells                   Type           Power      Damage    Failure   Level
 Foxfire                  Conj/Fire      0%         2x1d4     41%         1
 Arcjolt                  Conj/Air       0%         1d10      100%        5
 Fireball                 Conj/Fire      0%         3d3       100%        5
 Plasma Beam              Fire/Air       0%         2x1d11    100%        6
 Starburst                Conj/Fire      0%         6d3       100%        6


Dungeon Overview and Level Annotations

Branches:
Dungeon (4/15)
 Temple: D:4-7

Altars:

Shops:
D:3 [


Innate Abilities, Weirdness & Mutations

You are too large for most types of armour.
You have tough skin. (AC +1)


Message History

The orc wizard is heavily wounded.
You hit the orc but do no damage.
Your +0 spectral hand axe hits the orc wizard.
Your +0 spectral hand axe barely misses the orc.
Your +0 spectral hand axe hits the orc priest but does no damage.
Your +0 spectral hand axe barely misses the orc.
Your +0 spectral hand axe hits the orc priest but does no damage.
Your +0 spectral hand axe barely misses the orc wizard.
The orc wizard hits you with a +0 dagger.
The orc barely misses you.
The orc priest barely misses your +0 spectral hand axe.
The ogre attacks as you move away!
The ogre hits you with a +0 giant spiked club!!
* * * LOW HITPOINT WARNING * * *
Your +0 spectral hand axe disappears.
You feel better.
The orc wizard hits you but does no damage.
The orc priest miscasts a cantrip.
The orc hits you with a +0 falchion!
* * * LOW HITPOINT WARNING * * *
You barely miss the orc wizard.
The orc wizard is severely wounded.
You barely miss the orc. You barely miss the orc priest.
Your +0 spectral hand axe barely misses the orc wizard.
Your +0 spectral hand axe closely misses the orc.
Your +0 spectral hand axe hits the orc priest.
Your +0 spectral hand axe closely misses the orc wizard.
Your +0 spectral hand axe hits the orc.
Your +0 spectral hand axe closely misses the orc wizard.
The orc wizard hits you but does no damage.
The orc hits you but does no damage.
The orc priest hits you with a +0 hand axe!
* * * LOW HITPOINT WARNING * * *
It was a potion of flight.
You feel very buoyant.
You fly up into the air.
Your +0 spectral hand axe disappears.
The orc priest invokes the aid of Beogh against you.
Pain shoots through your body!
You die...

#......>......
.............
##....................#
#.....................#
#....<................#
#.............>........
#.....O...............#
##....ooo.............#
#......@..............#
#.##..................#
####...............#
#...............#
##.....#..........
##...###......... #..##
##....###. #..##
+#..... #.## #..##


You could see an ogre, an orc priest, an orc wizard (invisible) and an orc.

Vanquished Creatures
  2 orc priests
  An orc wizard (D:3)
  3 adders (D:3)
  2 worms (D:2)
  5 dart slugs
  2 orcs
  7 ball pythons
  4 bats
  7 endoplasms
  A giant cockroach (D:1)
  5 hobgoblins
  3 quokkas
  3 frilled lizards
  4 goblins
  3 kobolds
  4 rats
56 creatures vanquished.

Notes
Turn   | Place    | Note
-------+----------+-------------------------------------------
     0 | D:1      | dethox the Ogre Berserker began the quest for the Orb.
     0 | D:1      | Reached XP level 1. HP: 24/24 MP: 1/1
    69 | D:1      | Reached XP level 2. HP: 27/32 MP: 2/2
   338 | D:1      | Reached XP level 3. HP: 35/40 MP: 3/3
   774 | D:2      | Reached ** piety under Trog
   961 | D:3      | Found Yboilua's Antique Armour Boutique.
  1165 | D:3      | Reached XP level 4. HP: 17/49 MP: 4/4
  1303 | D:3      | Reached skill level 5 in Fighting
  1312 | D:3      | HP: 2/50 [orc priest/+0 morningstar (7)]
  1321 | D:3      | Reached XP level 5. HP: 21/57 MP: 5/5
  1355 | D:3      | Found a faded altar of an unknown god.
  1569 | D:3      | Found the amulet of Elemental Vulnerability {rPois rF--
                  | rC-- AC+8}
  1652 | D:2      | gamer
  1656 | D:2      | Was placed under penance by Trog
  1660 | D:2      | Learned a level 3 spell: Vhi's Electric Charge
  1703 | D:2      | You fall into a shaft and drop 1 floor!
  1734 | D:4      | Noticed an ogre
  1749 | D:4      | Killed from afar by an orc priest

Illustrated notes

....... ....##......... . ......#
#.........#.... #.##.#..#
#..............
#.......######.#...###..##
#........#..<...#.#...#.### #
#..................###....#. #
###..#.........................
###...##......†..#.............##
....#########...@..............##
##.................>............#
#...........#.....<..............
............#...#...............#
##.........................†....#
##...........................†...
##..........#..#...............#.
##..........##..#.#..............
##..........###.#..##....########


Turn 1652 on D:2: gamer

Levels and vault maps discovered:
D:1:      saegor_arrival_simple_d, layout_rooms
D:2:      layout_rooms
D:3:      layout_loops_ring, serial_shops, shop, portal_sewer_entry_d,
          shapermc_ecumenical_altar_totnotflames, minmay_misc_feat_four_crosses,
          hangedman_decor_riveting, chequers_hall_statues_wall_a
D:4:      layout_rooms, nicolae_uskayaw_en_pointe, nemelex_diamond_rough_becter,
          chequers_serial_rivers_room_b, minivault_4

Skill      XL: |  1  2  3  4 |
---------------+-------------+-----
Dodging        | 3 |  3.5
Axes           | 4 |  4.7
Fighting       | 5 |  5.3
Throwing       | |  0.1
Stealth        | |  0.7

Action                     |  1- 3 |  4- 6 || total
---------------------------+-------+-------++-------
  Melee: Hand axe          |   130 |    56 ||   186
         Punch             |       |     1 ||     1
  Throw: Stone             |     5 |       ||     5
    Use: Potion            |       |     6 ||     6
         Scroll            |       |     1 ||     1
 Armour: Animal skin       |    32 |    23 ||    55
  Dodge: Dodged            |    64 |    33 ||    97
